 Dungeon Crawl Stone Soup version 0.30-a0-118-ga018f8e90f (webtiles) character file.

Game seed: 15899568155939254730

3 Flugkiller the Grasshopper (level 1, 0/20 HPs)
             Began as a Gnoll Warper on Sept 13, 2022.
             Slain by a goblin
             ... wielding a +0 club
              (4 damage)
             ... on level 1 of the Dungeon.
             The game lasted 00:00:14 (47 turns).

Flugkiller the Grasshopper (Gnoll Warper)             Turns: 47, Time: 00:00:15

Health: 0/20       AC:  3    Str: 10    XL:     1   Next: 50%
Magic:  6/6        EV: 12    Int: 12    God:
Gold:   14         SH:  0    Dex: 11    Spells: 9/9 levels left

rFire   . . .      SeeInvis .    a - +0 falchion
rCold   . . .      Faith    .    (no shield)
rNeg    . . .      Spirit   .    b - +0 leather armour
rPois   .          Reflect  .    (no helmet)
rElec   .          Harm     .    (no cloak)
rCorr   .          Rampage  .    (no gloves)
Will    .....                    (no boots)
Stlth   +.........               (no amulet)
HPRegen 0.06/turn                (no ring)
MPRegen 0.10/turn                (no ring)

@: no status effects
A: fangs 1, strong nose, distributed training
a: no special abilities


You were on level 1 of the Dungeon.
You visited 1 branch of the dungeon, and saw 1 of its levels.

You collected 14 gold pieces.

Inventory:

Hand Weapons
 a - a +0 falchion (weapon)
Missiles
 d - 7 boomerangs of dispersal (quivered)
Armour
 b - a +0 leather armour (worn)
Scrolls
 c - a scroll of noise {unknown}
 z - a scroll of blinking


   Skills:
 + Level 4.4 Fighting
 + Level 0.0 Short Blades
 + Level 4.4 Long Blades
 + Level 0.0 Axes
 + Level 0.0 Maces & Flails
 + Level 0.0 Polearms
 + Level 0.0 Staves
 + Level 0.0 Ranged Weapons
 + Level 2.3 Throwing
 + Level 2.3 Armour
 + Level 4.4 Dodging
 + Level 0.0 Stealth
 + Level 0.0 Shields
 + Level 0.0 Unarmed Combat
 + Level 4.8 Spellcasting
 + Level 0.0 Conjurations
 + Level 0.0 Hexes
 + Level 0.0 Summonings
 + Level 0.0 Necromancy
 + Level 5.3 Translocations
 + Level 0.0 Transmutations
 + Level 0.0 Fire Magic
 + Level 0.0 Ice Magic
 + Level 0.0 Air Magic
 + Level 0.0 Earth Magic
 + Level 0.0 Poison Magic
 + Level 0.1 Invocations
 + Level 0.0 Evocations


You had 9 spell levels left.
You didn't know any spells.
Your spell library contained the following spells:

 Spells                   Type           Power      Damage    Failure   Level
 Blink                    Tloc           30%        N/A       4%          2
 Gell's Gravitas          Tloc           15%        N/A       9%          3
 Lesser Beckoning         Tloc           15%        N/A       9%          3
 Teleport Other           Tloc           15%        N/A       9%          3
 Manifold Assault         Tloc           15%        N/A       30%         4


Dungeon Overview and Level Annotations

Branches:
Dungeon (1/15) Zot: 5950

Altars:


Innate Abilities, Weirdness & Mutations

You have very sharp teeth.
Your uncanny sense of smell can sniff out nearby items.
Your experience applies equally to all skills.


Message History

Welcome, Flugkiller the Gnoll Warper.
It is said that the Orb of Zot exists deep within this dungeon.
Press ? for a list of commands and other information.
Found a scroll labelled METALO BOTHAU and a hand axe.
Found a staircase leading out of the dungeon.
A frilled lizard comes into view.
The frilled lizard hisses angrily.
A frilled lizard is nearby!
The frilled lizard barely misses you.
You see here a scroll labelled METALO BOTHAU.
You closely miss the frilled lizard. The frilled lizard bites you.
You miss the frilled lizard. The frilled lizard closely misses you.
You slash the frilled lizard!
You kill the frilled lizard!
No target in view!
No target in view!
c - a scroll labelled METALO BOTHAU You see here a frilled lizard corpse.
You open the door.
There is an open door here.
You now have 14 gold pieces.
You open the door.
There is an open door here.
An endoplasm comes into view.
The endoplasm quivers.
An endoplasm is nearby!
An endoplasm is nearby!
The endoplasm hits you but does no damage.
You hit the endoplasm.
The endoplasm is heavily wounded.
The endoplasm closely misses you.
You hit the endoplasm.
You kill the endoplasm!
No target in view!
Okay, then.
You don't know any spells.
Unknown command.
A ball python and a goblin come into view.
There are monsters nearby!
The ball python hisses angrily.
The ball python bites you. The ball python closely misses you.
The goblin hits you with a +0 club.
You closely miss the goblin. The ball python closely misses you.
The ball python grabs you. The ball python constricts you.
The goblin hits you with a +0 club. The ball python closely misses you.
The ball python constricts you.
You barely miss the ball python. The goblin hits you with a +0 club.
The ball python bites you. The ball python constricts you.
You are too injured to fight recklessly!
You barely miss the ball python. The goblin hits you with a +0 club.
* * * LOW HITPOINT WARNING * * *
The ball python bites you but does no damage.
The ball python constricts you.
* * * LOW HITPOINT WARNING * * *
You hit the ball python.
You kill the ball python!
The goblin barely misses you.
You hit the goblin.
The goblin is severely wounded.
The goblin barely misses you.
You barely miss the goblin.
The goblin is severely wounded.
The goblin closely misses you. The goblin misses you.
You closely miss the goblin.
The goblin is heavily wounded.
The goblin hits you with a +0 club.
You die...

#.##########
#.....g....#######
......†@..........
##########.#######+#
###.......... ∆
#............
#.##.........
#............
#............
#...#######...#
##..##...##...#


You could see a goblin.

Vanquished Creatures
  A ball python (D:1)
  An endoplasm (D:1)
  A frilled lizard (D:1)
3 creatures vanquished.

Notes
Turn   | Place    | Note
-------+----------+-------------------------------------------
     0 | D:1      | Flugkiller the Gnoll Warper began the quest for the Orb.
     0 | D:1      | Reached XP level 1. HP: 20/20 MP: 6/6
    47 | D:1      | Slain by a goblin

Illustrated notes

Levels and vault maps discovered:
D:1:      minmay_arrival_stone_box, layout_basic

Action                   || total
-------------------------++-------
Melee: Falchion          ||    12
Armor: Leather armour    ||     2
Dodge: Dodged            ||    10

Table legend: (Time is in decaauts)
 A = Elapsed time spent in this place.
 B = Non-inter-level travel time spent in this place.
 C = Inter-level travel time spent in this place.
 D = Time resting spent in this place.
 E = Time spent auto-exploring this place.
 F = Levels seen in this place.
 G = Mean time per level.
                   A        B        C        D        E       F      G
               +--------+--------+--------+--------+--------+-----+--------+
         Total |     48 |     48 |      0 |      0 |     21 |   1 |   48.0 |
       Dungeon |     48 |     48 |      0 |      0 |     21 |   1 |   48.0 |
               +--------+--------+--------+--------+--------+-----+--------+

Top non-repeatable levels by time:
     D:1: 48 daAuts
